 Dungeon Crawl Stone Soup version 0.30.1-9-gdf580d7c3d (webtiles) character file.

Game seed: 5899721868711405678

20262 Psyclone the Eclecticist (level 12, -3/59 HPs)
             Began as a Deep Elf Conjurer on Oct 1, 2023.
             Was an Initiate of Gozag.
             Slain by a cane toad (20 damage)
             ... on level 2 of the Lair of Beasts.
             The game lasted 00:45:05 (16090 turns).

Psyclone the Eclecticist (Deep Elf Conjurer)       Turns: 16090, Time: 00:45:06

Health: -3/59      AC: 10    Str:  4    XL:     12   Next: 43%
Magic:  18/36      EV: 12    Int: 38    God:    Gozag
Gold:   704        SH:  0    Dex:  8    Spells: 28/47 levels left

rFire   + + .        a - +8 whip "Snakebite" {venom, curare, rPois}
rCold   + . .        (no shield)
rNeg    . . .        d - +2 robe {Will+}
rPois   +            H - +1 helmet {Int+3}
rElec   +            g - +0 cloak
rCorr   +            y - +0 pair of gloves
SInv    .            R - +1 pair of boots of Vufoyheb {rPois rF++ rC+}
Will    ++...        Q - amulet of the acrobat
Stlth   ++           S - ring "Koipn" {Wiz rElec rPois rCorr Dex-5}
HPRegen 0.29/turn    E - +6 ring of intelligence
MPRegen 0.25/turn

%: acrobat, clarity, wizardry (x1)
@: no status effects
A: clarity, electricity resistance
a: Renounce Religion, Potion Petition, Call Merchant, Bribe Branch


You were on level 2 of the Lair of Beasts.
You worshipped Gozag.
Gozag was pleased with you.
You visited 2 branches of the dungeon, and saw 14 of its levels.

You collected 2866 gold pieces.
You spent 561 gold pieces at shops.
You paid 1601 gold pieces to Gozag.

Inventory:

Hand Weapons
 a - the +8 whip "Snakebite" (weapon) {venom, curare, rPois}
   (You found it on level 1 of the Lair of Beasts)

   rPois:     It protects you from poison.
 b - the +7 rapier "Ulaemit" {heavy, rC+ SInv}
   (You took it off a kobold on level 6 of the Dungeon)

   rC:        It protects you from cold.
   SInv:      It lets you see invisible.
 X - a +4 dagger of speed
Armour
 d - a +2 robe of willpower (worn)
 g - a +0 cloak (worn)
 u - a +2 robe of cold resistance
 y - a +0 pair of gloves (worn)
 H - a +1 helmet of intelligence (worn)
 R - the +1 pair of boots of Vufoyheb (worn) {rPois rF++ rC+}
   (You found it on level 10 of the Dungeon)

   rF:        It greatly protects you from fire.
   rC:        It protects you from cold.
   rPois:     It protects you from poison.
Magical Staves
 C - a staff of fire
 D - a staff of fire
Jewellery
 n - a ring of wizardry
 q - a +5 ring of evasion
 E - a +6 ring of intelligence (right hand)
 Q - an amulet of the acrobat (around neck)
 S - the ring "Koipn" (left hand) {Wiz rElec rPois rCorr Dex-5}
   (You found it on level 10 of the Dungeon)

   [ring of wizardry]

   It improves your spell success rate.
   Dex:       It affects your dexterity (-5).
   rElec:     It insulates you from electricity.
   rPois:     It protects you from poison.
   rCorr:     It protects you from acid and corrosion.
Wands
 i - a wand of polymorph (9)
 A - a wand of digging (2)
 J - a wand of quicksilver (2)
 K - a wand of flame (27)
 L - a wand of mindburst (9)
 P - a wand of iceblast (6)
Scrolls
 c - 3 scrolls of fog
 f - 2 scrolls of torment
 h - 2 scrolls of immolation
 j - 5 scrolls of teleportation
 o - 3 scrolls of magic mapping
 v - 5 scrolls of poison
 z - 6 scrolls of amnesia
 B - a scroll of vulnerability {unknown}
 F - 4 scrolls of noise
 O - a scroll of silence {!r}
 T - 2 scrolls of identify {@r1}
 U - a scroll of fear
 V - a scroll of blinking
Potions
 e - 2 potions of attraction
 k - 2 potions of lignification
 l - a potion of mutation
 m - 2 potions of ambrosia
 p - a potion of might
 r - a potion of berserk rage
 s - a potion of cancellation
 t - 5 potions of flight
 w - 4 potions of curing
 x - 2 potions of heal wounds
 G - 3 potions of degeneration
 I - a potion of magic
 M - a potion of haste
 N - a potion of invisibility {unknown}
 W - a potion of resistance {unknown}


   Skills:
 - Level 4.0 Short Blades
 + Level 0.2 Maces & Flails
 - Level 2.4 Dodging
 - Level 2.4 Stealth
 + Level 18.0 Spellcasting
 + Level 15.7 Conjurations
 - Level 6.0 Hexes


You had 28 spell levels left.
You knew the following spells:

 Your Spells              Type           Power      Damage    Failure   Level
a - Magic Dart            Conj           100%       1d8       0%          1
b - Searing Ray           Conj           100%       2d8       0%          2
c - Dazzling Flash        Conj/Hex       100%       N/A       1%          3
d - Fulminant Prism       Conj/Hex       43%        3d19      1%          4
e - Iskenderun's Mystic   Conj/Tloc      76%        2d15      1%          4
f - Stone Arrow           Conj/Erth      100%       3d13      1%          3
q - Blink                 Tloc           68%        N/A       1%          2

Your spell library contained the following spells:

 Spells                   Type           Power      Damage    Failure   Level
 Kiss of Death            Conj/Necr      100%       2d13      1%          1
 Necrotise                Necr           100%       1d9       1%          1
 Sandblast                Erth           68%        2d15      1%          1
 Lesser Beckoning         Tloc           68%        N/A       1%          2
 Momentum Strike          Conj/Tloc      100%       3d10      1%          2
 Passwall                 Tmut/Erth      28%        N/A       1%          2
 Call Canine Familiar     Summ           34%        N/A       1%          3
 Portal Projectile        Hex/Tloc       100%       N/A       1%          3
 Leda's Liquefaction      Hex/Erth       27%        N/A       1%          4
 Animate Armour           Summ/Erth      68%        N/A       3%          4
 Borgnjor's Vile Clutch   Necr/Erth      17%        N/A       10%         5
 Lee's Rapid Deconstruct  Erth           17%        3d10*     10%         5
 Death Channel            Necr           17%        N/A       45%         6
 Statue Form              Tmut/Erth      22%        N/A       45%         6
 Lehudib's Crystal Spear  Conj/Erth      38%        10d9      65%         8
 Haunt                    Necr/Summ      17%        N/A       95%         7
 Animate Dead             Necr           Unusable   N/A       N/A         4

Dungeon Overview and Level Annotations

Branches:
Dungeon (12/15) Zot: 25833  Temple (0/1) D:6            Lair (2/5) D:11 Zot: 10446
    Orc (0/2) D:10
  Swamp: Lair:2-3    Shoals: Lair:2-3     Snake: Lair:2-3    Spider: Lair:2-3

Altars:
Fedhas
Gozag
Ru
Sif Muna
Trog
Yredelemnul

Shops:
D:3 [   D:7 *   D:9 =   D:11 =

Annotations:
D:5 1 runed translucent door
D:11 exclusion: upstairs


Innate Abilities, Weirdness & Mutations

You possess an exceptional clarity of mind.
You are resistant to electric shocks. (rElec)


Message History

Aim: a wolf (almost dead, 72% to hit)
The searing ray misses the wolf. (Press . to maintain the ray.)
The wolf bites you but does no damage.
You now have 24/36 mp.
The searing ray hits the wolf.
You kill the wolf!
You now have 23/36 mp.
Casting: Searing Ray (safe; 0% risk of failure)
Confirm with . or Enter, or press ? or * to list all spells.
Restarting spell: Searing Ray (safe; 0% risk of failure)
Press: ? - help, Shift-Dir - straight line, f - cane toad
Aim: a cane toad (85% to hit)
The searing ray hits the cane toad!
The cane toad is moderately wounded. (Press . to maintain the ray.)
You now have 22/36 mp.
The searing ray hits the cane toad.
The cane toad is moderately wounded.
You now have 21/36 mp.
The searing ray hits the cane toad.
The cane toad is heavily wounded.
The cane toad closely misses you. The cane toad barely misses you.
You now have 20/36 mp.
The searing ray hits the cane toad.
The cane toad is severely wounded.
You finish channelling your searing ray.
The cane toad closely misses you.
You now have 19/36 mp.
Casting: Searing Ray (safe; 0% risk of failure)
Confirm with . or Enter, or press ? or * to list all spells.
Aiming: Searing Ray (safe; 0% risk of failure)
Press: ? - help, Shift-Dir - straight line, f/p - cane toad
Aim: a cane toad (severely wounded, 85% to hit)
The searing ray hits the cane toad.
The cane toad is severely wounded. (Press . to maintain the ray.)
The cane toad stings you!!
You die...
Your body crumbles into a pile of gold.

................P.#
..........<......P#
..................#
....###.####......#
......##.###......# #
.................##.#
.....................
##...................
#..........@F.......
#..###.#P.##$.....$.
#P.. ######.........
#P. ##.......! ##
......... .........
##........ #...P.###
...####


You could see a cane toad.

Vanquished Creatures
  A catoblepas (D:10)
  2 boulder beetles
  2 two-headed ogres
  Urug (D:10)
  A deep elf pyromancer (D:7)
  A cyclops (D:11)
  Joseph (D:8)
  An unseen horror (D:10)
  3 gargoyles (D:10)
  A cane toad (Lair:1)
  4 kobold demonologists
  A komodo dragon (Lair:1)
  3 trolls
  Grinder (D:5)
  19 yaks
  2 wraiths
  2 vampires (D:11)
  4 wyverns (D:11)
  A shadow (D:11)
  4 steam dragons
  2 basilisks (D:10)
  An acid dragon (D:10)
  13 water moccasins
  A sky beast (D:6)
  4 orc warriors
  5 ice beasts
  2 ogres
  7 wolves
  4 centaurs
  2 phantoms
  8 kobold brigands
  6 bullfrogs
  11 scorpions
  10 wights
  7 killer bees
  4 howler monkeys
  3 jellies
  6 hounds
  10 orc priests
  5 iguanas
  3 sleepcaps
  7 orc wizards
  3 gnolls (D:4)
  10 adders
  4 shadow imps
  2 white imps (D:6)
  An ufetubus (D:6)
  2 worms
  2 dart slugs
  30 orcs
  6 endoplasms
  9 giant cockroaches
  8 goblins
  5 hobgoblins
  12 jackals
  7 quokkas
  3 ball pythons
  6 bats
  6 frilled lizards
  19 kobolds
  10 rats
321 creatures vanquished.

Vanquished Creatures (others)
  114 fulminant prisms
114 creatures vanquished.

Grand Total: 435 creatures vanquished

Notes
Turn   | Place    | Note
-------+----------+-------------------------------------------
     0 | D:1      | Psyclone the Deep Elf Conjurer began the quest for the Orb.
     0 | D:1      | Reached XP level 1. HP: 10/10 MP: 6/6
   239 | D:1      | Reached XP level 2. HP: 15/15 MP: 5/8
   457 | D:1      | Reached skill level 4 in Spellcasting
   713 | D:1      | Reached skill level 5 in Conjurations
   713 | D:1      | Reached XP level 3. HP: 19/19 MP: 10/10
   825 | D:1      | Learned a level 2 spell: Searing Ray
  1647 | D:2      | Found an opulent altar of Gozag.
  1720 | D:2      | Became a worshipper of Gozag Ym Sagoz the Greedy
  1881 | D:3      | Reached XP level 4. HP: 24/24 MP: 9/12
  2020 | D:3      | Got Kikubaaqudgha's Tome of Open Graves
  2066 | D:3      | Reached skill level 5 in Spellcasting
  2291 | D:3      | Found Debb's Antique Armour Emporium.
  2430 | D:3      | Bought a runed robe for 111 gold pieces
  2454 | D:3      | Found a faded altar of an unknown god.
  3241 | D:4      | Found a shimmering blue altar of Sif Muna.
  3262 | D:4      | Reached XP level 5. HP: 28/28 MP: 3/14
  3817 | D:4      | Noticed an ogre
  3820 | D:4      | Noticed a phantom
  3833 | D:4      | Killed an ogre
  3834 | D:4      | Reached skill level 6 in Spellcasting
  3835 | D:4      | Killed a phantom
  3836 | D:4      | Reached XP level 6. HP: 23/32 MP: 8/17
  4129 | D:5      | Entered Level 5 of the Dungeon
  4159 | D:5      | Reached skill level 7 in Spellcasting
  4279 | D:5      | Noticed Grinder
  4286 | D:5      | Learned a level 4 spell: Fulminant Prism
  4291 | D:5      | Learned a level 4 spell: Iskenderun's Mystic Blast
  4384 | D:5      | Killed Grinder
  4385 | D:5      | Reached XP level 7. HP: 36/36 MP: 15/20
  4465 | D:5      | Reached skill level 8 in Spellcasting
  4641 | D:5      | Found a sacrificial altar of Ru.
  4960 | D:5      | Reached skill level 1 in Hexes
  4960 | D:5      | Found a runed translucent door.
  4965 | D:5      | Found a runed translucent door.
  5012 | D:5      | Reached XP level 8. HP: 41/41 MP: 14/22
  5015 | D:5      | Reached skill level 9 in Spellcasting
  5368 | D:6      | Reached skill level 5 in Hexes
  5385 | D:6      | Found a staircase to the Ecumenical Temple.
  5612 | D:6      | Reached skill level 10 in Spellcasting
  5750 | D:6      | Found a basalt altar of Yredelemnul.
  5752 | D:6      | Found a blossoming altar of Fedhas.
  5870 | D:6      | Reached XP level 9. HP: 45/45 MP: 15/25
  5989 | D:6      | You fall into a shaft and drop 1 floor!
  6261 | D:7      | Reached skill level 11 in Spellcasting
  6261 | D:7      | Reached skill level 10 in Conjurations
  7615 | D:7      | Found a bloodstained altar of Trog.
  7630 | D:7      | Reached skill level 12 in Spellcasting
  8249 | D:6      | Identified the +7 rapier "Ulaemit" {heavy, rC+ SInv}
  8456 | D:7      | Identified the +1 mace of Somewhere Else {venom, Will+}
  8462 | D:7      | Reached XP level 10. HP: 34/50 MP: 20/28
  8535 | D:7      | Noticed a deep elf pyromancer
  8541 | D:7      | Reached skill level 1 in Short Blades
  8553 | D:7      | Killed a deep elf pyromancer
  8554 | D:7      | Reached skill level 13 in Spellcasting
  8799 | D:8      | Learned a level 2 spell: Blink
  8803 | D:8      | Learned a level 3 spell: Dazzling Flash
  8807 | D:8      | Learned a level 3 spell: Stone Arrow
  8959 | D:8      | Found a transporter.
  8978 | D:8      | Found a transporter.
  8982 | D:8      | Noticed Joseph
  9000 | D:8      | Killed Joseph
  9386 | D:8      | Gained mutation: You are resistant to electric shocks.
                  | (rElec) [potion of mutation]
  9386 | D:8      | Gained mutation: You possess an exceptional clarity of
                  | mind. [potion of mutation]
  9764 | D:8      | Reached skill level 14 in Spellcasting
  9857 | D:8      | Noticed a two-headed ogre
  9866 | D:8      | Killed a two-headed ogre
 10540 | D:9      | Found Hinuop's Jewellery Shoppe.
 10662 | D:9      | Reached XP level 11. HP: 43/53 MP: 26/31
 10897 | D:9      | Reached skill level 15 in Spellcasting
 11160 | D:10     | Entered Level 10 of the Dungeon
 11206 | D:10     | Found a staircase to the Orcish Mines.
 11515 | D:10     | Noticed a two-headed ogre
 11526 | D:10     | Killed a two-headed ogre
 11645 | D:10     | Noticed a boulder beetle
 11645 | D:10     | Noticed a centaur warrior
 11645 | D:10     | Noticed a deep elf pyromancer
 11646 | D:10     | Noticed an orc knight
 11646 | D:10     | Noticed a catoblepas
 11646 | D:10     | Noticed a centaur warrior
 11646 | D:10     | Noticed a boulder beetle
 11655 | D:10     | Identified the staff of air "Nill" {rElec SInv}
 11677 | D:10     | Found the +10 dark maul {heavy}
 11702 | D:10     | Noticed a catoblepas
 11711 | D:10     | Killed a catoblepas
 11720 | D:10     | Reached skill level 16 in Spellcasting
 11725 | D:10     | Noticed a boulder beetle
 12594 | D:11     | Found a staircase to the Lair.
 12641 | D:11     | Noticed a boulder beetle
 12657 | D:11     | Killed a boulder beetle
 12823 | D:11     | Reached skill level 17 in Spellcasting
 12823 | D:11     | Reached XP level 12. HP: 54/59 MP: 25/35
 13385 | D:11     | Bought an amulet of the acrobat for 450 gold pieces
 13400 | D:12     | Noticed a boulder beetle
 13421 | D:10     | Reached skill level 15 in Conjurations
 13541 | D:10     | Noticed Urug
 13572 | D:10     | Killed Urug
 13717 | D:10     | Killed a boulder beetle
 13939 | D:10     | Identified the +1 pair of boots of Vufoyheb {rPois rF++
                  | rC+}
 14060 | D:10     | Identified the ring "Koipn" {Wiz rElec rPois rCorr Dex-5}
 14558 | Lair:1   | Entered Level 1 of the Lair of Beasts
 15441 | Lair:1   | Reached skill level 18 in Spellcasting
 15605 | Lair:1   | Found the +8 whip "Snakebite" {venom, curare, rPois}
 16090 | Lair:2   | Slain by a cane toad

Illustrated notes

Levels and vault maps discovered:
D:1:      dpeg_arrival_ratfight, layout_rooms
D:2:      layout_basic, basic_altar, dk_vineyard_3
D:3:      layout_basic, hellmonk_ecumenical_altar_slurped_away, serial_shops,
          shop
D:4:      layout_basic, mainiacjoe_overflow_catwalk,
          chequers_serial_rivers_micro_a
D:5:      lemuel_insect_pit, layout_basic, nicolae_ru_awakened_eye, uniq_grinder
D:6:      layout_basic, jmf_multi_god_temple, minmay_temple_entry_grid,
          minmay_checkerbox
D:7:      minmay_slanted_spiral_squares, layout_layer_cave, trog_butcher_becter
D:8:      gammafunk_wand_slinger, layout_basic, uniq_joseph
D:9:      layout_basic, serial_shops, nicolae_shop_statue_plus
D:10:     minmay_roctagon, layout_basic, orc_0_dummy, minivault_12, uniq_urug
D:11:     layout_gridville, minmay_lair_entry_grove
D:12:     layout_stronghold, yredelemnul_altar_generic
Lair:1:   minmay_guarded_unrand_snakebite, layout_cave_pods,
          small_statue_intersection, serial_bayou_pond_c, nicolae_lair_lil_pond,
          infiniplex_staircase_pool_2
Lair:2:   layout_small_grid, nicolae_swamp_entry_splash_gauntlet,
          nicolae_snake_entry_squirm, kennysheep_rathole

Skill      XL: |  1  2  3  4  5  6  7  8  9 10 11 12 |
---------------+-------------------------------------+-----
Spellcasting   | 4 5 6 7 8 10 12 14 17 18 | 18.0
Conjurations   | 5 6 7 8 9 11 12 14 15 | 15.7
Hexes          | 2 6 |  6.0
Short Blades   | 4 |  4.0
Maces & Flails | |  0.2
Dodging        | |  2.4
Stealth        | |  2.4

Action                     |  1- 3 |  4- 6 |  7- 9 | 10-12 || total
---------------------------+-------+-------+-------+-------++-------
  Melee: Dagger            |    28 |     8 |    22 |    12 ||    70
         Punch             |     2 |       |       |     1 ||     3
         Rapier            |       |       |     2 |    26 ||    28
         Whip              |       |       |       |    20 ||    20
   Cast: Magic Dart        |    83 |    85 |    59 |    48 ||   275
         Searing Ray       |       |     9 |    59 |    65 ||   133
         Fulminant Prism   |       |     2 |    13 |    99 ||   114
         Iskenderun's Myst |       |       |       |     8 ||     8
 Invoke: Call Merchant     |       |       |     1 |     1 ||     2
  Evoke: Wand              |       |       |       |     1 ||     1
    Use: Scroll            |       |       |     9 |     7 ||    16
         Potion            |       |       |       |     9 ||     9
   Stab: Sleeping          |     1 |       |     1 |       ||     2
 Armour: Robe              |     6 |     8 |    23 |    51 ||    88
  Dodge: Dodged            |    21 |    24 |    90 |   193 ||   328
